[Event "FIJ Cannes 2024"]
[Site "Cannes"]
[Date "2024.02.23"]
[Round "7.6"]
[White "Tran Amar, Charlie"]
[Black "Roberts, Tallulah"]
[Result "0-1"]
[ECO "C01"]
[WhiteElo "1188"]
[BlackElo "1488"]
[Annotator "NA RC"]
[PlyCount "136"]
[EventDate "2024.02.20"]
[EventType "swiss"]
[EventCountry "FRA"]
[SourceTitle "playchess.com"]
[Source "ChessBase"]
[SourceQuality "1"]
[TimeControl "40/5400+30:1800+30"]

1. e4 e6 2. d4 d5 3. exd5 exd5 4. Nf3 Bd6 5. Be3 Ne7 6. c3 Bf5 7. Nbd2 c6 8. Be2 O-O 9. O-O Na6 10. Nh4 Be6 11. Bd3 Ng6 12. Nxg6 hxg6 13. Nf3 Nc7 14. Qc2 Ne8 15. Ng5 Qf6 16. f4 Bf5 17. Qf2 Qe7 18. Bxf5 gxf5 19. Rae1 Nf6 20. Qh4 g6 21. Qh6 Rfe8 22. Rf3 Qf8 23. Qh4 Qg7 24. Ref1 Kf8 25. c4 Ke7 26. cxd5 Rh8 27. Qe1 Nxd5 28. Bd2+ Kd7 29. Rd3 Rae8 30. Qd1 f6 31. Nf3 Re4 32. Qb3 Kc8 33. Rc1 Nxf4 34. Bxf4 Bxf4 35. Rc2 Qe7 36. Kf2 g5 37. Rdc3 g4 38. Qb5 g3+ 39. hxg3 Bc7 40. Qxf5+ Kb8 41. Rb3 Rg8 42. Ne5 fxe5 43. Qxe4 Qf7+ 44. Kg1 exd4 45. Rf2 Qd7 46. Rb4 Bb6 47. Qd3 Qe7 48. Rb3 Qe1+ 49. Qf1 Qe7 50. Rd3 Qh7 51. Rf7 Qg6 52. Qf4+ Ka8 53. Rf8+ Bd8 54. Rxg8 Qxg8 55. Qxd4 Bb6 56. Qxb6 axb6 57. Kf2 Qf8+ 58. Ke3 Kb8 59. g4 Qf6 60. b3 Kc7 61. Rd4 Qe5+ 62. Re4 Qg3+ 63. Kd4 Kd6 64. Kc4 Qxg2 65. Rd4+ Ke5 66. Kc3 Qxa2 67. Rd2 Qa5+ 68. b4 Qa3+ 0-1

[Event "FIJ Cannes 2024"]
[Site "Cannes"]
[Date "2024.02.24"]
[Round "8.1"]
[White "Nogerbek, Kazybek"]
[Black "Bharath Subramaniyam H"]
[Result "1/2-1/2"]
[ECO "D38"]
[WhiteElo "2463"]
[BlackElo "2515"]
[Annotator "TA"]
[PlyCount "34"]
[EventDate "2024.02.20"]
[EventType "swiss"]
[EventCountry "FRA"]
[SourceTitle "playchess.com"]
[Source "ChessBase"]
[SourceQuality "1"]
[TimeControl "40/5400+30:1800+30"]

1. d4 Nf6 2. c4 e6 3. Nf3 d5 4. Nc3 Bb4 5. Bg5 h6 6. Bxf6 Qxf6 7. e3 O-O 8. Rc1 dxc4 9. Bxc4 c5 10. O-O cxd4 11. Nxd4 Bd7 {[%emt 0:07:05][%cal Bc8d7,Bd7c6,Bc6d5][%mdl 32] The position is equal.} 12. Qb3 Nc6 13. Nxc6 Bxc3 14. Rxc3 Bxc6 15. Bb5 Bd5 16. Bc4 Bc6 17. Bb5 Bd5 {[%emt 0:00:38] A rather calm draw.   Weighted Error Value: White=0.03 (flawless) /Black=0.00 (flawless) .  OK:         	White=3     	Black=4} 1/2-1/2

[Event "FIJ Cannes 2024"]
[Site "Cannes"]
[Date "2024.02.24"]
[Round "8.2"]
[White "Tarhan, Adar"]
[Black "Puranik, Abhimanyu"]
[Result "1-0"]
[ECO "A01"]
[WhiteElo "2420"]
[BlackElo "2645"]
[Annotator "TA"]
[PlyCount "105"]
[EventDate "2024.02.20"]
[EventType "swiss"]
[EventCountry "FRA"]
[SourceTitle "playchess.com"]
[Source "ChessBase"]
[SourceQuality "1"]
[TimeControl "40/5400+30:1800+30"]

1. b3 e5 2. Bb2 Nc6 3. e3 d5 4. Bb5 Bd6 5. Nf3 Qe7 6. c4 a6 {[%emt 0:03:24] A01: Nimzowitsch-Larsen Opening.} 7. Ba4 Nf6 8. c5 $146 ({Predecessor:} 8. Nc3 O-O 9. Bxc6 bxc6 10. Ne2 Bg4 11. c5 Bxc5 12. Nxe5 Bd6 13. Nxc6 Qe6 14. Ned4 {1-0 Mavrich,D (2232)-Litovicius,M (2226) Neuquen Patagonia op 1st 2015 (9)}) 8... Bxc5 9. Nxe5 O-O 10. Bxc6 bxc6 11. Nxc6 Qe8 12. Nd4 Bd6 13. O-O c5 14. Nf3 Qe7 15. d4 Bg4 16. dxc5 Bxc5 17. Nc3 Rfd8 18. Ne2 Ne4 19. Ne5 (19. Nfd4 $16) 19... Bh5 (19... d4 $1 $11 {keeps the balance.} 20. Nxg4 dxe3) 20. Qd3 $16 (20. Nc6 Qg5 21. Qd3 (21. Nxd8 Bf3 $17) 21... Rdc8) 20... Bd6 (20... Qe8 $16) 21. Nc6 $18 (21. Qxd5 $2 Bxe5 (21... Bxe2 $2 22. Qxe4 Bxf1 23. Kxf1 $19) 22. Qxe5 Qxe5 23. Bxe5 Bxe2 $19) 21... Qc7 22. Nxd8 Bxh2+ 23. Kh1 Rxd8 24. f3 (24. Qxa6 $2 Nc5 25. Rfc1 (25. Qb5 $2 Rb8 $19) 25... Nxa6 $19) 24... Qd6 25. Qd4 f6 26. fxe4 Bxe2 {[%emt 0:00:03] [#]} 27. Rf2 $1 ({But not} 27. Qxd5+ $6 Qxd5 28. exd5 Bxf1 $16) 27... Be5 28. Qxd5+ Qxd5 29. exd5 Bxb2 30. Rb1 Be5 31. Rxe2 Rxd5 32. b4 Kf7 33. a4 Ke7 34. Rc2 Rd7 35. a5 Ra7 36. b5 axb5 37. Rxb5 Kd7 38. Ra2 h5 39. a6 Kc6 40. Rb4 g5 41. Rc2+ Kd6 42. Rb6+ Kd5 43. Ra2 h4 (43... Kc5 $142 44. Rb1 (44. Rb7 Rxb7 45. axb7 Kb6 $18) 44... h4) 44. Rb7 Ra8 45. a7 Ke4 46. Rb3 Kf5 (46... Kd5 $142 47. Kg1 Bg3) 47. Ra5 $18 Kg4 48. Kg1 h3 49. Ra4+ Kg3 50. e4+ Kf4 51. Rxh3 ({Not} 51. gxh3 Rxa7 52. Rxa7 Bd4+ 53. Kg2 Bxa7 54. Rf3+ Kxe4 55. Rxf6 Bd4 $18) 51... g4 52. Rd3 Bc7 53. g3+ 1-0

[Event "FIJ Cannes 2024"]
[Site "Cannes"]
[Date "2024.02.24"]
[Round "8.3"]
[White "Vetokhin, Savva"]
[Black "Zhao, Yuanhe"]
[Result "1-0"]
[ECO "E91"]
[WhiteElo "2410"]
[BlackElo "2449"]
[Annotator "TA"]
[PlyCount "69"]
[EventDate "2024.02.20"]
[EventType "swiss"]
[EventCountry "FRA"]
[SourceTitle "playchess.com"]
[Source "ChessBase"]
[SourceQuality "1"]
[TimeControl "40/5400+30:1800+30"]

1. d4 Nf6 2. c4 g6 3. Nc3 Bg7 4. e4 d6 5. Nf3 O-O 6. Be2 c6 7. O-O a6 8. e5 Ne8 9. Bf4 Bg4 10. Ng5 Bxe2 11. Qxe2 h6 {[%emt 0:00:22] White is better.} 12. Nge4 d5 13. cxd5 cxd5 14. Nc5 b6 15. Nb3 Nc7 16. Rac1 Qd7 17. Be3 Ra7 {[%emt 0:04:20] White leaves nothing to chance now.} 18. f4 {[%emt 0:03:40][%cal Of4f5] f5! would now be deadly.} f5 19. exf6 Rxf6 {[%emt 0:01:28] [#]} 20. Nd2 $1 Nc6 21. Nf3 Ra8 22. Ne5 Nxe5 23. dxe5 Rc6 24. Qd3 Kh7 (24... Rf8 $16 25. h3 Kh8) 25. Ne2 $18 Rxc1 26. Rxc1 (26. Nxc1 Rf8 $16) 26... b5 (26... Ne6 {is a better defense.} 27. f5 (27. Bxb6 Qb7 $16) 27... Nf8) 27. Nd4 {[%emt 0:00:38] [#] aiming for Rc6.} Ne6 28. Rc6 Nf8 29. Qc2 {[%emt 0:08:04] Black is weak on the dark squares} Kh8 30. Rc7 Qg4 (30... Qe8 {might work better.} 31. Qc5 e6) 31. h3 {[%emt 0:01:15] White is clearly winning.} (31. Rxe7 $2 {loses.} Qh4 32. h3 Qxe7 $19) 31... Qg3 (31... Qh5 $142 32. Nf3 (32. Rxe7 Qh4 $18) 32... d4) 32. Qd2 {[%emt 0:00:10] Active counter play!} Qh4 33. Nf3 Qh5 34. Qxd5 Rb8 35. Qf7 {[%emt 0:00:39] Weighted Error Value: White=0.04 (flawless) /Black=0.29 (precise) .  Mistake:       	---       	Black=4      Inaccurate:     	---       	Black=3      OK:         	White=13    	Black=9      Best:        	White=1     	---        Strong:       	White=1     	---} 1-0

[Event "FIJ Cannes 2024"]
[Site "Cannes"]
[Date "2024.02.24"]
[Round "8.4"]
[White "Li, Di"]
[Black "Chen, Qi b"]
[Result "1-0"]
[ECO "D35"]
[WhiteElo "2563"]
[BlackElo "2467"]
[Annotator "TA"]
[PlyCount "69"]
[EventDate "2024.02.20"]
[EventType "swiss"]
[EventCountry "FRA"]
[SourceTitle "playchess.com"]
[Source "ChessBase"]
[SourceQuality "1"]
[TimeControl "40/5400+30:1800+30"]

1. c4 Nf6 2. Nf3 e6 3. d4 d5 4. Nc3 Nbd7 5. cxd5 exd5 6. Bf4 Bb4 7. e3 Ne4 8. Qc2 g5 9. Be5 Rg8 {[%emt 0:00:30] The position is equal.} 10. Bd3 g4 (10... Bxc3+ $11 11. bxc3 g4 12. Bxe4 dxe4 13. Qxe4 Qe7 14. Qxh7 Rf8) 11. Bxe4 $16 dxe4 {[%emt 0:00:30] [#]} 12. Nd2 (12. Qxe4 Bxc3+ 13. bxc3 Qe7 14. Qxh7 Rf8 $14) 12... Bxc3 13. bxc3 (13. Qxc3 $16 Nxe5 14. dxe5) 13... Nxe5 $11 14. Qxe4 Qe7 15. Qxh7 ({But not} 15. Qxe5 Qxe5 16. dxe5 Rg5 $17) 15... Rf8 16. dxe5 Qxe5 17. Qe4 Qxe4 18. Nxe4 Ke7 {[%emt 0:00:30] Prevents Nf6} 19. f4 gxf3 20. gxf3 b6 21. Kf2 Rh8 22. h4 Be6 23. h5 Rad8 24. h6 Bf5 25. Ng3 Be6 26. e4 Rd3 ({Black should try} 26... Rh7 $1 $14) 27. Ne2 c5 $2 {[%emt 0:00:30] Black cannot hold the game after this.} (27... Rh7 $16) 28. h7 $18 Bc4 {[%emt 0:00:30] [#]} 29. Ng3 $1 Be6 (29... Kf8 $142 30. Nf5 Be6) 30. Rag1 Kf8 31. Rh6 Rxc3 32. Nh5 {[%emt 0:00:30] And now Nf6 would win. White is clearly winning.} Rc2+ (32... Rd3 $142 33. f4 Bc4) 33. Ke3 {[%emt 0:00:30] Nf6 would now be deadly.} Rh2 34. e5 {[%emt 0:00:30][%cal Oh5f6] Nf6! is the strong threat.} Bf5 {[%emt 0:00:30] [#]} 35. Rg8+ $1 {[%emt 0:00:30][%mdl 512] Weighted Error Value: White=0.08 (flawless) /Black=0.33.  Loses game:     	---       	Black=1      Mistake:       	White=1     	Black=4      Inaccurate:     	White=1     	Black=1      OK:         	White=12    	Black=10     Best:        	White=5     	---        Strong:       	White=1     	---} 1-0

[Event "FIJ Cannes 2024"]
[Site "Cannes"]
[Date "2024.02.24"]
[Round "8.5"]
[White "Bergasse, Clement"]
[Black "Racle, Valentin"]
[Result "1/2-1/2"]
[ECO "C45"]
[WhiteElo "1779"]
[BlackElo "2086"]
[Annotator "NA RC"]
[PlyCount "40"]
[EventDate "2024.02.20"]
[EventType "swiss"]
[EventCountry "FRA"]
[SourceTitle "playchess.com"]
[Source "ChessBase"]
[SourceQuality "1"]
[TimeControl "40/5400+30:1800+30"]

1. e4 e5 2. Nf3 Nc6 3. d4 exd4 4. Nxd4 Nf6 5. Nxc6 bxc6 6. e5 Qe7 7. Qe2 Nd5 8. h4 a5 9. g3 Ba6 10. c4 Nb6 11. b3 Qe6 12. Bh3 Bb4+ 13. Bd2 Qe7 14. O-O O-O-O 15. Re1 Rde8 16. Bxb4 Qxb4 17. Qd2 Re7 18. Qxb4 axb4 19. Nd2 Rhe8 20. f4 f6 1/2-1/2

[Event "FIJ Cannes 2024"]
[Site "Cannes"]
[Date "2024.02.24"]
[Round "8.6"]
[White "Yarur Rescaglio, Maria Jose"]
[Black "Roberts, Tallulah"]
[Result "1-0"]
[ECO "C02"]
[WhiteElo "1280"]
[BlackElo "1488"]
[Annotator "NA RC"]
[PlyCount "53"]
[EventDate "2024.02.20"]
[EventType "swiss"]
[EventCountry "FRA"]
[SourceTitle "playchess.com"]
[Source "ChessBase"]
[SourceQuality "1"]
[TimeControl "40/5400+30:1800+30"]

1. e4 e6 2. d4 d5 3. e5 c5 4. Nf3 cxd4 5. Bd3 Nc6 6. O-O Qb6 7. a3 Bd7 8. b4 Nge7 9. Bf4 Ng6 10. Bg3 Qc7 11. Re1 Nge7 12. Nbd2 Nf5 13. Bxf5 g6 14. Bd3 Bg7 15. Nb3 a6 16. Nbxd4 Rc8 17. Nxc6 Bxc6 18. Nd4 Bd7 19. f4 h5 20. Bh4 Qb6 21. Bf2 Qd8 22. Qf3 Ba4 23. Rac1 Rc3 24. Bb5+ Bxb5 25. Qxc3 Bd7 26. Qf3 h4 27. h3 1-0

[Event "FIJ Cannes 2024"]
[Site "Cannes"]
[Date "2024.02.25"]
[Round "9.1"]
[White "Bharath Subramaniyam H"]
[Black "Tarhan, Adar"]
[Result "1-0"]
[ECO "B00"]
[WhiteElo "2515"]
[BlackElo "2420"]
[Annotator "ChessBase"]
[PlyCount "79"]
[EventDate "2024.02.20"]
[EventType "swiss"]
[EventCountry "FRA"]
[SourceTitle "playchess.com"]
[Source "ChessBase"]
[SourceQuality "1"]
[TimeControl "40/5400+30:1800+30"]

1. e4 Nc6 2. Nc3 Nf6 3. d4 d6 4. Nf3 g6 5. Bg5 Bg7 6. Be2 O-O 7. Qd2 Re8 8. h3 e5 9. dxe5 Nxe5 10. Nxe5 Rxe5 11. f4 Rxg5 12. fxg5 Nd7 13. O-O Nc5 14. Bc4 Be6 15. Bxe6 Nxe6 16. e5 Bxe5 17. Ne4 Kg7 18. c3 d5 19. Nf6 Nxg5 20. Ng4 f6 21. h4 Nf7 22. h5 c6 23. Rae1 Qd6 24. h6+ Kg8 25. Qf2 f5 26. Nxe5 Nxe5 27. Qg3 Qc5+ 28. Qe3 Qxe3+ 29. Rxe3 Ng4 30. Re7 Nxh6 31. Rfe1 f4 32. Rxb7 Nf5 33. Re6 c5 34. Rc6 Re8 35. Rxc5 Ng3 36. Kh2 Nf1+ 37. Kh3 Ne3 38. Rcc7 Nf5 39. Rxh7 Re3+ 40. Kg4 1-0

[Event "FIJ Cannes 2024"]
[Site "Cannes"]
[Date "2024.02.25"]
[Round "9.2"]
[White "Vetokhin, Savva"]
[Black "Nogerbek, Kazybek"]
[Result "1/2-1/2"]
[ECO "D55"]
[WhiteElo "2410"]
[BlackElo "2463"]
[Annotator "TA"]
[PlyCount "47"]
[EventDate "2024.02.20"]
[EventType "swiss"]
[EventCountry "FRA"]
[SourceTitle "playchess.com"]
[Source "ChessBase"]
[SourceQuality "1"]
[TimeControl "40/5400+30:1800+30"]

1. d4 Nf6 2. c4 e6 3. Nf3 d5 4. Nc3 Be7 5. Bg5 h6 6. Bxf6 Bxf6 7. e3 O-O 8. Rc1 {[%emt 0:00:08] The position is equal.} dxc4 9. Bxc4 Nd7 10. Ne4 c5 11. Nxf6+ Qxf6 12. Bb5 cxd4 13. Qxd4 Qxd4 14. Nxd4 Nf6 15. Nf3 Rd8 16. Ke2 Bd7 17. Bxd7 Rxd7 18. Rhd1 Rxd1 19. Kxd1 $11 {[%emt 0:00:28] KRN-KRN} Ne8 {[%emt 0:06:15] Prevents Rc7} 20. Ne5 Kf8 21. Ke2 Nd6 22. Rc7 {[%emt 0:00:45] [#] aiming for Rd7.} Ke8 23. f3 Rc8 24. Rxc8+ {[%emt 0:00:13] An uneventful encounter.   Weighted Error Value: White=0.05 (flawless) /Black=0.05 (flawless) .  OK:         	White=5     	Black=5} 1/2-1/2

[Event "FIJ Cannes 2024"]
[Site "Cannes"]
[Date "2024.02.25"]
[Round "9.3"]
[White "Barbot, Pierre"]
[Black "Li, Di"]
[Result "0-1"]
[ECO "D45"]
[WhiteElo "2426"]
[BlackElo "2563"]
[Annotator "ChessBase"]
[PlyCount "70"]
[EventDate "2024.02.20"]
[EventType "swiss"]
[EventCountry "FRA"]
[SourceTitle "playchess.com"]
[Source "ChessBase"]
[SourceQuality "1"]
[TimeControl "40/5400+30:1800+30"]

1. d4 Nf6 2. c4 e6 3. Nc3 d5 4. Nf3 c6 5. e3 Nbd7 6. Be2 Bd6 7. O-O O-O 8. b3 b6 9. Bb2 Bb7 10. Bd3 Rc8 11. Re1 dxc4 12. bxc4 c5 13. d5 exd5 14. cxd5 a6 15. a4 c4 16. Bc2 Qc7 17. e4 Rfe8 18. g3 Bb4 19. Rb1 Qc5 20. Ba1 Ng4 21. Re2 Ba5 22. Kg2 f5 23. exf5 Ndf6 24. h3 Rxe2 25. Qxe2 Re8 26. Qd2 Bxd5 27. hxg4 Bxf3+ 28. Kg1 Bxg4 29. Qf4 Qc6 30. Kh2 h5 31. Bd1 b5 32. axb5 axb5 33. f3 Bc7 34. Qg5 Qd6 35. Ne4 Rxe4 0-1

[Event "FIJ Cannes 2024"]
[Site "Cannes"]
[Date "2024.02.25"]
[Round "9.4"]
[White "Petkov, Momchil"]
[Black "Ilamparthi A R"]
[Result "0-1"]
[ECO "A80"]
[WhiteElo "2498"]
[BlackElo "2426"]
[Annotator "ChessBase"]
[PlyCount "62"]
[EventDate "2024.02.20"]
[EventType "swiss"]
[EventCountry "FRA"]
[SourceTitle "playchess.com"]
[Source "ChessBase"]
[SourceQuality "1"]
[TimeControl "40/5400+30:1800+30"]

1. d4 f5 2. Bf4 Nf6 3. e3 d6 4. Nc3 e6 5. h3 g6 6. g4 Bg7 7. gxf5 exf5 8. Bc4 d5 9. Bd3 O-O 10. Nf3 c6 11. h4 Nbd7 12. Ne2 Ne4 13. h5 Ndf6 14. hxg6 hxg6 15. Ne5 g5 16. Bh2 Qe8 17. f3 Qh5 18. O-O Qh3 19. c3 Be6 20. Ng6 Rfe8 21. Qe1 Ng4 22. fxg4 Qxe3+ 23. Kg2 Qxd3 24. Rf3 Qc2 25. gxf5 Nd2 26. Re3 Bxf5 27. Rc1 Rxe3 28. Rxc2 Be4+ 29. Kf2 Rf3+ 30. Kg1 Rf1+ 31. Qxf1 Nxf1 0-1

[Event "FIJ Cannes 2024"]
[Site "Cannes"]
[Date "2024.02.25"]
[Round "9.6"]
[White "Roberts, Tallulah"]
[Black "Penarrubia, Tom"]
[Result "1-0"]
[ECO "C77"]
[WhiteElo "1488"]
[BlackElo "1008"]
[Annotator "NA RC"]
[PlyCount "78"]
[EventDate "2024.02.20"]
[EventType "swiss"]
[EventCountry "FRA"]
[SourceTitle "playchess.com"]
[Source "ChessBase"]
[SourceQuality "1"]
[TimeControl "40/5400+30:1800+30"]

1. e4 e5 2. Nf3 Nc6 3. Bb5 a6 4. Ba4 Nf6 5. d3 g6 6. c3 Bg7 7. O-O O-O 8. Re1 d6 9. Nbd2 Bd7 10. Nf1 Nh5 11. Bg5 Qc8 12. Qd2 Re8 13. Bh6 Bg4 14. Nh4 Bf6 15. g3 Bxh4 16. gxh4 Bf3 17. Bd1 Qg4+ 18. Ng3 Nf4 19. Bxf3 Qxf3 20. Bxf4 exf4 21. Ne2 Qg4+ 22. Kh1 f3 23. Rg1 Qxh4 24. Qf4 Qxf2 25. Ng3 Kf8 26. Raf1 Qxb2 27. Qh6+ Ke7 28. Rxf3 Rf8 29. Qh4+ Ke8 30. Rgf1 Qxc3 31. Ne2 Qe5 32. Qf2 Qe7 33. Nf4 Qf6 34. Nd5 Qd4 35. Nxc7+ Kd7 36. Rxf7+ Rxf7 37. Qxf7+ Kc8 38. Nxa8 Kb8 39. Rb1 Na5 1-0